 Dungeon Crawl Stone Soup version 0.27.0-1-g7a089689b8 (webtiles) character file.

Game seed: 17409150474363161979

200 ZARRMARR the Ruffian (level 5, 0/41 HPs)
             Began as a Draconian Transmuter on Aug 2, 2021.
             Slain by Eustachio (9 damage)
             ... on level 4 of the Dungeon.
             The game lasted 00:19:11 (3819 turns).

ZARRMARR the Ruffian (Draconian Transmuter)         Turns: 3819, Time: 00:19:11

Health: 0/41       AC:  6    Str: 13    XL:     5   Next: 48%
Magic:  8/9        EV: 12    Int: 20    God:
Gold:   161        SH:  0    Dex: 11    Spells: 8/9 levels left

rFire    . . .     SeeInvis .     - Unarmed
rCold    . . .     Faith    .   (no shield)
rNeg     . . .     Spirit   .   (armour unavailable)
rPois    .         Reflect  .   (helmet currently unavailable)
rElec    .         Harm     .   (no cloak)
rCorr    .         Rampage  .   f - +0 pair of gloves
Will     .....                  (boots currently unavailable)
Stlth    +.........             (no amulet)
HPRegen  0.13/turn              b - +6 ring of intelligence
MPRegen  0.11/turn              (no ring)

@: appendages
A: horns 2, talons 2, AC +5, unfitting armour, cold-blooded
a: End Transformation


You were on level 4 of the Dungeon.
You had temporarily grown beastly horns and talons.
You visited 1 branch of the dungeon, and saw 4 of its levels.

You collected 161 gold pieces.

Inventory:

Hand Weapons
 m - a +1 hand axe of freezing
Missiles
 d - 51 stones
 h - 3 boomerangs
 i - 2 javelins (quivered)
Armour
 f - a +0 pair of gloves (worn)
 k - a +0 hat (melded)
Jewellery
 b - a +6 ring of intelligence (left hand)
Scrolls
 g - 2 scrolls of magic mapping {unknown}
 l - a scroll of immolation {unknown}
Potions
 a - a potion of curing {unknown}
 c - a potion of cancellation {unknown}
 e - 2 potions of heal wounds {unknown}
 j - a potion of might {unknown}


   Skills:
 + Level 1.8 Fighting
 + Level 1.1 Throwing
 + Level 2.3 Dodging
 + Level 0.9 Stealth
 + Level 4.3 Unarmed Combat
 + Level 2.9 Spellcasting
 + Level 2.7 Transmutations


You had 8 spell levels left.
You knew the following spells:

 Your Spells              Type           Power      Damage    Failure   Level
a - Beastly Appendage     Tmut           28%        N/A       4%          1

Your spell library contained the following spells:

 Spells                   Type           Power      Damage    Failure   Level
 Wereblood                Tmut           14%        N/A       7%          2
 Spider Form              Tmut/Pois      4%         N/A       24%         3
 Gell's Gravitas          Tloc           1%         N/A       41%         3
 Lesser Beckoning         Tloc           1%         N/A       41%         3
 Teleport Other           Tloc           2%         N/A       41%         3
 Ice Form                 Ice/Tmut       8%         N/A       63%         4


Dungeon Overview and Level Annotations

Branches:
Dungeon (4/15)
 Temple: D:4-7

Altars:

Annotations:
D:2 1 runed translucent door, Crazy Yiuf
D:4 Eustachio


Innate Abilities, Weirdness & Mutations

You have temporarily grown beastly horns and talons.
Your plain brown scales are hard. (AC +5)
You cannot fit into any form of body armour.
You are cold-blooded and may be slowed by cold attacks.


Message History

You start putting on your armour.
You continue putting on your +0 pair of gloves. x4
You finish putting on your +0 pair of gloves.
Found a club.
You hear the slow rusting of a very distant drain.
Found a short sword.
You see here a +0 short sword.
Found a scroll labelled SOMPAZ JUHEUW.
Eustachio the Magnificent comes into view.
He is wielding a +0 rapier.
Found a +6 ring of intelligence.
Found a stone staircase leading down.
Eustachio shouts!
Eustachio gestures wildly while chanting.
Throw: 4 javelins
Press: ? - help, Q - select action, (/) - cycle Shift-Dir - straight line, f - ufetubus
Aim: an ufetubus (summoned, 32% to hit)
You throw a javelin. The javelin barely misses the ufetubus.
Unknown command.
Casting: Beastly Appendage (safe; 4% risk of failure)
Confirm with . or Enter, or press ? or * to list all spells.
You grow a pair of large bovine horns.
Your feet morph into talons.
Your +0 hat melds into your body.
The ufetubus closely misses you. The ufetubus barely misses you.
You closely miss the ufetubus. The ufetubus hits you.
* * * LOW HITPOINT WARNING * * *
The ufetubus hits you but does no damage.
The ufetubus barely misses you. The ufetubus closely misses you.
You closely miss the ufetubus. You claw the ufetubus.
You kill the ufetubus!
Throw: 3 javelins
Press: ? - help, Q - select action, (/) - cycle Shift-Dir - straight line, f - Eustachio
Aim: Eustachio, wielding a +0 rapier and wearing a +0 leather armour (41% to hit)
You throw a javelin. The javelin pierces through Eustachio.
Eustachio is lightly wounded.
Eustachio mumbles some strange words.
You miss Eustachio. You tail-slap Eustachio.
Eustachio is lightly wounded.
You hit Eustachio.
Your tail-slap misses Eustachio.
Eustachio is moderately wounded.
Eustachio hits you with a +0 rapier!
You die...

#..# #..# #..## #...#
#..# #..## #######
##)..#########5......
####....).....5@@5..#
#....###....(########
..#### ###....# ###
##....# # ##....#
..#...# .....55#
....##..@. ....# ##.^


You could see Eustachio, 2 iron imps and a crimson imp (summoned).

Vanquished Creatures
  Jessica (D:2)
  Terence (D:3)
  Natasha (thrice) (D:2)
  2 adders
  3 dart slugs
  A worm (D:2)
  2 orcs (D:3)
  7 endoplasms
  A giant cockroach (D:1)
  4 goblins
  A hobgoblin (D:1)
  4 quokkas
  3 ball pythons
  6 bats
  2 frilled lizards (D:2)
  8 kobolds
  3 rats
52 creatures vanquished.

Vanquished Creatures (others)
  2 fungi (D:2)
2 creatures vanquished.

Grand Total: 54 creatures vanquished

Notes
Turn   | Place    | Note
-------+----------+-------------------------------------------
     0 | D:1      | ZARRMARR the Draconian Transmuter began the quest for the
                  | Orb.
     0 | D:1      | Reached XP level 1. HP: 16/16 MP: 3/3
   187 | D:1      | Reached XP level 2. HP: 20/23 MP: 3/5
   958 | D:2      | Noticed Jessica
  1583 | D:2      | Killed Jessica
  1584 | D:2      | Reached XP level 3. HP: 26/28 MP: 4/6
  1665 | D:2      | Noticed Natasha
  1679 | D:2      | Killed Natasha
  1680 | D:2      | Reached XP level 4. HP: 14/36 MP: 5/7
  1738 | D:2      | Noticed Natasha
  1771 | D:2      | Killed Natasha
  1772 | D:2      | Reached skill level 4 in Unarmed Combat
  1949 | D:2      | Noticed Natasha
  1957 | D:2      | Killed Natasha
  2033 | D:2      | Reached skill level 1 in Throwing
  2192 | D:2      | Reached XP level 5. HP: 41/41 MP: 7/9
  2671 | D:2      | Found a runed translucent door.
  2672 | D:2      | Noticed Crazy Yiuf
  3518 | D:3      | Noticed Terence
  3533 | D:3      | Killed Terence
  3753 | D:4      | Noticed an ogre
  3806 | D:4      | Noticed Eustachio
  3819 | D:4      | Slain by Eustachio

Illustrated notes

Levels and vault maps discovered:
D:1:      nagdon_arrival_zigzag_paths, layout_basic
D:2:      layout_loops_ring, uniq_natasha, uniq_jessica, uniq_crazy_yiuf_cottage
D:3:      layout_basic, uniq_terence
D:4:      layout_cave_pods, portal_sewer_entry_b, serial_shops, shop, shop,
          shop_fountains, shop, shop, uniq_eustachio

Skill      XL: |  1  2  3  4 |
---------------+-------------+-----
Dodging        | 2 |  2.3
Unarmed Combat | 4 |  4.3
Throwing       | 1 |  1.1
Fighting       | |  1.8
Stealth        | |  0.9
Spellcasting   | |  2.9
Transmutations | |  2.7

Action                   |  1- 3 |  4- 6 || total
-------------------------+-------+-------++-------
Melee: Unarmed           |    65 |    86 ||   151
       Kick              |     9 |     9 ||    18
       Headbutt          |     5 |     9 ||    14
       Tailslap          |     3 |     4 ||     7
       Punch             |     2 |     2 ||     4
Throw: Stone             |    23 |     2 ||    25
       Boomerang         |       |     7 ||     7
       Javelin           |       |    16 ||    16
 Cast: Beastly Appendage |    14 |    19 ||    33
  Use: Scroll            |     1 |     1 ||     2
 Stab: Sleeping          |       |     4 ||     4
Armor: Skin              |    20 |    24 ||    44
Dodge: Dodged            |    37 |    53 ||    90
